 Dungeon Crawl Stone Soup version 0.14-a0-1413-g94b8a5e (webtiles) character file.

118 July the Sneak (level 2, -2/13 HPs)
             Began as a Spriggan Enchanter on Dec 11, 2013.
             Killed from afar by Terence (7 damage)
             ... with a wand of magic darts
             ... on Level 2 of the Dungeon.
             The game lasted 00:03:35 (1601 turns).

July the Sneak (Spriggan Enchanter)                 Turns: 1601, Time: 00:03:35

HP  -2/13        AC  3     Str  4      XL: 2   Next: 58%
MP   7/7         EV 18     Int 16      God:
Gold 98          SH  0     Dex 16      Spells:  1 memorised,  5 levels left

rFire  . . .     SeeInvis +     a - +1 dagger
rCold  . . .     Clarity  .     b - +1 robe
rNeg   . . .     Conserve .     (shield restricted)
rPois  .         rCorr    .     i - +0 cap
rElec  .         rRot     .     (no cloak)
SustAb . .       Spirit   .     (gloves unavailable)
rMut   .         Warding  .     (boots unavailable)
Saprov . . .     Stasis   .     (no amulet)
                                (no ring)
                                s - ring of flight

@: very quick, slightly resistant to hostile enchantments, quite stealthy
A: unfitting armour, see invisible, herbivore 3, speed 3, slow metabolism 2
a: Evoke Flight


You were on level 2 of the Dungeon.
You were not hungry.

You visited 1 branch of the dungeon, and saw 2 of its levels.

You collected 98 gold pieces.

Inventory:

Hand weapons
 a - a +1,+1 dagger (weapon)
 k - a +0,+0 dagger
 p - a +0,+0 dagger
Missiles
 d - 15 darts (quivered)
Armour
 b - a +1 robe (worn)
 i - a +0 cap (worn)
 l - a +1 dwarven buckler
Comestibles
 g - a pear
Scrolls
 f - 3 scrolls of amnesia {unknown}
 h - a scroll of teleportation {unknown}
 j - a scroll of magic mapping {unknown}
 o - a scroll of curse jewellery {unknown}
 q - a scroll of immolation {unknown}
 r - 2 scrolls of remove curse {unknown}
Jewellery
 s - a ring of flight (left hand)
Potions
 e - a potion of porridge
 m - a potion of restore abilities
 n - 2 potions of lignification
 t - a potion of curing {unknown}
Books
 c - a book of Maledictions

   Spells                             Type                      Level
   *Corona                            Hexes                        1
   Sure Blade                         Hexes/Charms                 2
   Ensorcelled Hibernation            Hexes/Ice                    2
   Confuse                            Hexes                        3
   Enslavement                        Hexes                        4
   Invisibility                       Hexes                        6


   Skills:
 - Level 1.1 Short Blades
 - Level 1.1 Throwing
 - Level 3.0 Dodging
 + Level 5.0 Stealth
 - Level 2.6 Spellcasting
 - Level 3.6 Hexes


You had 5 spell levels left.
You knew the following spells:

 Your Spells              Type           Power        Failure   Level  Hunger
a - Corona                Hex            ##.....      6%          1    #......


Dungeon Overview and Level Annotations

Branches:
Dungeon (2/16)

Altars:

Annotations:
D:2 Terence


Innate Abilities, Weirdness & Mutations

You are tiny and cannot use many weapons and most armour.
You have supernaturally acute eyesight.
You are a herbivore.
You cover ground extremely quickly.
You need consume almost no food.


Message History

A quokka comes into view.
Found a pear.
Found a stone staircase leading down.
There is an open door here.
The helpless quokka fails to defend itself.
You slice the quokka!!
You kill the quokka!
You see here a quokka corpse.
g - a pear
Found a stone staircase leading down.
Terence comes into view.
He is wielding a hand axe.
Terence shouts!
You see here 12 gold pieces.
You now have 98 gold pieces (gained 12).
Terence zaps a wand.
The magic dart hits you!
Terence zaps a wand.
The magic dart hits you!
You see here a scroll labeled PLUDYA GARAM.
j - a scroll labeled PLUDYA GARAM Terence zaps a wand.
The magic dart hits you!
Ouch! That really hurt!
You die...

#. #.## #.#+### #..#
####.>...#######'###
..........##.......>#
...........##..%.....+
...........#.........#
...........#.........#
#....@................#
#.......@....##########
#...........##
...........#
############


You could see Terence.

Vanquished Creatures
  An adder (D:2)
  An ooze (D:1)
  3 hobgoblins
  A bat (D:1)
  A giant cockroach (D:1)
  A giant newt (D:1)
  A goblin (D:1)
  A kobold (D:2)
  A quokka (D:2)
  A rat (D:2)
12 creatures vanquished.

Notes
Turn   | Place    | Note
--------------------------------------------------------------
     0 | D:1      | July, the Spriggan Enchanter, began the quest for the Orb.
     0 | D:1      | Reached XP level 1. HP: 9/9 MP: 4/4
   593 | D:1      | Reached skill level 4 in Stealth
  1175 | D:2      | Reached XP level 2. HP: 13/13 MP: 7/7
  1302 | D:2      | Reached skill level 5 in Stealth
  1594 | D:2      | Noticed Terence
  1601 | D:2      | Killed from afar by Terence

Action                   || total
-------------------------++-------
Melee: Dagger            ||    42
  Use: Scroll            ||     3
 Stab: Sleeping          ||     3
